AoeStats
← DSoapy14TundraM

Oasis

510210812Analyzed
2v2 RM · 11h ago on Sep 30, 2026· 63m 12s· 4 players
Game mode
Random Map
Map size
Medium (4 player)
Population
200
Speed
Normal
Resources
Standard
Victory
Conquest
Starting age
Dark Age
Ending age
Imperial Age
RankedLock teamsTeams togetherTeam positionsShared explorationLock speedFull tech treeHidden civsTurbo modeCheats
Victory
Defeat
🇺🇸 Danes · United States
872
+16
🇺🇸 Britons · United States
850
+32
🇺🇸 Muisca · United States
871
-16
🇺🇸 Vietnamese · United States
866
-16
DSoapy14TundraM
0:28 Loom
12:25 Feudal Age
13:45 Double-Bit Axe
20:43 Castle Age
18:36 Horse Collar
20:24 Forging
20:14 Scale Mail Armor
20:05 Fletching
21:42 Squires
23:19 Wheelbarrow
23:40 Arson
27:55 Chain Mail Armor
31:48 Iron Casting
34:09 Fervor
34:34 Hand Cart
34:06 Town Watch
34:25 Heavy Plow
34:39 Bow Saw
34:27 Stone Mining
34:30 Gold Mining
35:00 Bodkin Arrow
36:53 Ballistics
36:44 Masonry
36:30 Murder Holes
37:36 Redemption
37:30 Devotion
38:25 Padded Archer Armor
38:34 Thumb Ring
38:02 Hamask
39:41 Stone Shaft Mining
39:42 Gold Shaft Mining
42:59 Imperial Age
40:43 Town Patrol
41:59 Leather Archer Armor
42:16 Caravan
42:47 Coinage
45:36 Chemistry
44:42 Siege Engineers
44:23 Arrowslits
44:02 Capped Ram
44:04 Elite Varangian Guard
44:18 Elite Jomsviking
44:51 Northmen's Fury
45:59 Conscription
46:16 Hoardings
46:18 Plate Mail Armor
47:01 Banking
46:20 Siege Ram
50:37 Blast Furnace
49:39 Bracer
51:38 Heavy Mounted Crossbowman
53:16 Ring Archer Armor
53:02 Cranequins
58:15 Heavy Scorpion
xxElChapxx
0:40 Loom
11:33 Feudal Age
12:13 Man-at-Arms
21:16 Castle Age
19:02 Horse Collar
19:12 Double-Bit Axe
19:41 Forging
19:22 Fletching
20:39 Scale Mail Armor
20:40 Padded Archer Armor
20:59 Gold Mining
20:59 Stone Mining
22:09 Long Swordsman
22:31 Crossbowman
22:39 Elite Skirmisher
23:35 Gambesons
23:52 Squires
25:03 Wheelbarrow
29:40 Iron Casting
29:21 Leather Archer Armor
32:44 Bow Saw
33:15 Gold Shaft Mining
33:01 Chain Mail Armor
32:42 Bodkin Arrow
34:10 Heavy Plow
34:04 Pikeman
36:56 Ballistics
37:59 Caravan
44:48 Imperial Age
46:35 Blast Furnace
45:36 Bracer
46:07 Ring Archer Armor
46:07 Plate Mail Armor
46:41 Chemistry
45:08 Two-Handed Swordsman
49:33 Warwolf
50:00 Yeomen
49:45 Elite Longbowman
50:17 Champion
55:24 Conscription
56:53 Masonry
56:44 Murder Holes
57:11 Siege Engineers
58:01 Arson
57:37 Halberdier
LXXIII
12:49 Feudal Age
14:11 Double-Bit Axe
14:54 Loom
15:45 Horse Collar
18:08 Castle Age
18:59 Elite Skirmisher
19:56 Heavy Plow
21:57 Ballistics
22:20 Fletching
22:31 Padded Archer Armor
24:53 Stone Mining
26:10 Bodkin Arrow
30:30 Thumb Ring
31:37 Leather Archer Armor
33:17 Gold Mining
33:37 Squires
34:22 Forging
34:12 Scale Mail Armor
34:03 Arson
37:38 Iron Casting
37:19 Chain Mail Armor
42:53 Imperial Age
42:09 Bow Saw
42:17 Town Watch
43:08 Wheelbarrow
42:40 Murder Holes
42:55 Imperial Skirmisher
43:02 Elite Fire Lancer
50:10 Chemistry
49:14 Bracer
50:12 Paper Money
51:58 Plate Mail Armor
51:34 Scale Barding Armor
54:48 Ring Archer Armor
53:58 Elite Rattan Archer
60:35 Bloodlines
60:26 Husbandry
59:47 Light Cavalry
Gen
11:44 Feudal Age
15:58 Castle Age
15:16 Double-Bit Axe
15:13 Horse Collar
15:36 Scale Mail Armor
16:17 Forging
25:07 Heavy Plow
31:26 Fletching
31:36 Padded Archer Armor
34:21 Bodkin Arrow
34:41 Leather Archer Armor
38:54 Imperial Age
38:54 Bow Saw
39:32 Elite Guecha Warrior
42:07 Bracer
42:52 Wheelbarrow
42:05 Town Watch
42:33 Loom
43:24 Ballistics
44:16 Chemistry
46:06 Hand Cart
45:52 Town Patrol
46:49 Conscription
50:55 Murder Holes
Connection lost

Rejoining the realm…

Still unreachable

The connection could not be restored.

Session expired

The server has moved on; the page needs a fresh start.